Map: Kairos Junction LE

Players

Piroxiljin - Winner!

  • Race: Terran Terran
  • Spawn Location: 11:00

VOD

Have the link to the VOD?

Description

Time

  • Played on: Jan. 13, 2019, 2:55 a.m.
  • Length: 14:55
Show
View Real Time Build Order
Export as new Build Order

Piroxiljin Terran - Winner!

Build Orders:  

Get SALT Encoding   

  12  0:02  SCV  
  13  0:22  SCV  
  14  0:38  Supply Depot  
  14  0:39  SCV  
  15  1:08  SCV  
  16  1:19  Barracks  
  16  1:25  SCV  
  17  1:32  Refinery  
  17  1:42  SCV  
  18  1:59  SCV  
  19  2:16  SCV  
  20  2:33  SCV  
  21  3:05  Barracks  
  20  3:10  Orbital Command  
  22  3:22  Reaper  
  21  3:56  SCV  
  22  4:06  Marine  
  23  4:38  Supply Depot  
  23  4:50  Barracks Tech Lab  
  23  5:03  Supply Depot  
  23  5:08  SCV  
  23  5:09  Supply Depot  
  25  5:13  Reaper  
  24  5:47  Marauder  
  26  5:53  Marine  
  27  6:02  SCV  
  28  6:10  Refinery  
  28  6:17  Marauder  
  28  6:19  SCV  
  31  6:40  Concussive Shells  
  31  6:42  Engineering Bay  
  31  6:47  Marauder, Marine  
  34  7:12  Marine, Command Center  
  35  7:35  Factory  
  35  7:36  Terran Infantry Weapons Level 1  
  35  7:39  SCV  
  36  8:04  Unknown  
  36  8:06  SCV  
  36  8:53  Factory Tech Lab  
  36  9:04  Factory  
  36  9:13  Orbital Command  
  36  9:19  SCV  
  37  9:35  SCV, Barracks Tech Lab  
  37  9:37  Marauder  
  40  9:46  Cyclone  
  43  9:52  SCV  
  44  10:07  Marauder  
  46  10:26  Unknown  
  46  10:31  Cyclone  
  46  10:37  Marine  
  50  10:47  Unknown  
  43  11:45  SCV  
  43  11:53  Factory Tech Lab  
  43  11:57  Cyclone  
  44  12:00  SCV  
  44  12:02  SCV  
  46  12:17  SCV  
  46  12:18  Supply Depot  
  46  12:19  SCV  
  48  12:27  Supply Depot  
  48  12:30  Supply Depot  
  48  12:32  Supply Depot  
  48  12:33  SCV  
  48  12:36  SCV  
  50  12:42  Cyclone  
  53  13:27  Cyclone  
  56  13:36  Cyclone  
Tags
 
Add a new tag
Caveats
  • Supply blocks, unpowered buildings, or Contaminate may cause inaccurate times.
  • Supply counts are checked every 10 seconds.